 Dungeon Crawl Stone Soup version 0.28-a0-1429-gf3d713df7a (webtiles) character file.

Game seed: 14926189410585034053

30 Hasart the Insei (level 3, 0/23 HPs)
             Began as an Octopode Transmuter on Jan 8, 2022.
             Succumbed to an adder's poison
             ... on level 2 of the Dungeon.
             The game lasted 00:01:10 (705 turns).

Hasart the Insei (Octopode Transmuter)               Turns: 705, Time: 00:01:10

Health: 0/23       AC:  1    Str: 11    XL:     3   Next: 18%
Magic:  6/6        EV: 13    Int: 15    God:
Gold:   73         SH:  0    Dex: 12    Spells: 5/6 levels left

rFire   . . .      SeeInvis .     - Unarmed
rCold   . . .      Faith    .   (no shield)
rNeg    . . .      Spirit   .   (helmet restricted)
rPois   .          Reflect  .   (no amulet)
rElec   .          Harm     .   (no ring)
rCorr   .          Rampage  .   (no ring)
Will    .....                   (no ring)
Stlth   ++........              (no ring)
HPRegen 0.07/turn               (no ring)
MPRegen 0.10/turn               (no ring)
                                (no ring)
                                (no ring)

@: lethally poisoned (0 -> -2)
A: almost no armour, amphibious, 8 rings, camouflage 1, gelatinous body 1,
(nimble swimmer 1), tentacles
a: no special abilities


You were on level 2 of the Dungeon.
You visited 1 branch of the dungeon, and saw 2 of its levels.

You collected 73 gold pieces.

Inventory:

Scrolls
 a - a scroll of brand weapon {unknown}


   Skills:
 + Level 1.4 Fighting
 + Level 2.3 Dodging
 * Level 3.4 Unarmed Combat
 + Level 2.2 Spellcasting
 + Level 2.3 Transmutations


You had 5 spell levels left.
You knew the following spells:

 Your Spells              Type           Power      Damage    Failure   Level
a - Beastly Appendage     Tmut           16%        N/A       9%          1

Your spell library contained the following spells:

 Spells                   Type           Power      Damage    Failure   Level
 Wereblood                Tmut           8%         N/A       13%         2
 Spider Form              Tmut/Pois      5%         N/A       38%         3
 Ice Form                 Ice/Tmut       5%         N/A       80%         4


Dungeon Overview and Level Annotations

Branches:
Dungeon (2/15)

Altars:

Shops:
D:1 ?


Innate Abilities, Weirdness & Mutations

You cannot wear most types of armour.
You are amphibious.
You can wear up to eight rings at the same time.
Your skin changes colour to match your surroundings (Stealth+).
Your rubbery body absorbs attacks. (AC +1, EV +1)
((You are camouflaged when in or above water. (Stealth+)))
You have tentacles for arms and can constrict up to eight enemies at once.


Message History

The ball python is severely wounded.
You constrict the ball python.
You kill the ball python!
The bat barely misses you.
The hobgoblin hits you but does no damage.
Unknown command.
You closely miss the adder. Your grab misses the adder. You squeeze the adder!
The adder is severely wounded.
The adder bites you.
You are poisoned.
The adder poisons you! The bat closely misses you. The hobgoblin misses you.
The adder closely misses you.
You tentacle-slap the adder.
You kill the adder!
You feel sick. The bat hits you. The hobgoblin hits you.
* * * LOW HITPOINT WARNING * * *
You have reached level 3!
Your experience leads to an increase in your attributes!
Increase (S)trength, (I)ntelligence, or (D)exterity?
You feel stronger. x2
Unknown command.
You tentacle-slap the orc. You grab the orc.
The orc is almost dead.
You constrict the orc.
You kill the orc!
* * * LOW HITPOINT WARNING * * *
You feel sick. The bat barely misses you. The bat hits you but does no damage.
The hobgoblin completely misses you.
You bludgeon the hobgoblin!
You kill the hobgoblin!
* * * LOW HITPOINT WARNING * * *
You feel sick. The bat closely misses you.
Unknown command.
You miss the bat. You grab the bat. You constrict the bat.
* * * LOW HITPOINT WARNING * * *
You feel sick. The bat misses you.
The bat escapes!
Unknown command.
* * * LOW HITPOINT WARNING * * *
You feel sick. The bat closely misses you.
You die...

..)..........
#............
#............
#............
#............
#............
#.....b......
#..)†.<......
#...@........
#............
#............
......########
########


You could see a bat.

Vanquished Creatures
  An adder (D:2)
  A dart slug (D:1)
  An orc (D:2)
  3 endoplasms (D:1)
  A giant cockroach (D:1)
  A goblin (D:1)
  3 hobgoblins
  A quokka (D:2)
  2 ball pythons
  A bat (D:2)
  A frilled lizard (D:1)
16 creatures vanquished.

Vanquished Creatures (others)
  A hobgoblin (D:1)
1 creature vanquished.

Grand Total: 17 creatures vanquished

Notes
Turn   | Place    | Note
-------+----------+-------------------------------------------
     0 | D:1      | Hasart the Octopode Transmuter began the quest for the Orb.
     0 | D:1      | Reached XP level 1. HP: 13/13 MP: 3/3
   103 | D:1      | Found Zymn's Magic Scroll Shop.
   284 | D:1      | Reached XP level 2. HP: 17/18 MP: 5/5
   701 | D:2      | Reached XP level 3. HP: 5/23 MP: 6/6
   704 | D:2      | HP: 1/23 [poisoned by an adder]
   705 | D:2      | Succumbed to an adder's poison

Illustrated notes

Levels and vault maps discovered:
D:1:      onia_arrival_pyramid, layout_loops_cross, serial_shops, shop
D:2:      layout_basic

Action                   || total
-------------------------++-------
Melee: Unarmed           ||    36
       Constrict         ||    11
       Tentacles         ||     6
       Punch             ||     1
 Stab: Sleeping          ||     5
Armor: Skin              ||     3
Dodge: Dodged            ||    27

Table legend: (Time is in decaauts)
 A = Elapsed time spent in this place.
 B = Non-inter-level travel time spent in this place.
 C = Inter-level travel time spent in this place.
 D = Time resting spent in this place.
 E = Time spent auto-exploring this place.
 F = Levels seen in this place.
 G = Mean time per level.
                   A        B        C        D        E       F      G
               +--------+--------+--------+--------+--------+-----+--------+
         Total |    702 |    682 |     20 |      0 |    557 |   2 |  351.0 |
       Dungeon |    702 |    682 |     20 |      0 |    557 |   2 |  351.0 |
               +--------+--------+--------+--------+--------+-----+--------+

Top non-repeatable levels by time:
     D:1: 684 daAuts
     D:2: 17 daAuts
